 Dungeon Crawl Stone Soup version 0.29.0-15-g675c0067aa (webtiles) character file.

Game seed: 3182508948952378631

9858 DoubleLucky the Thaumaturge (level 11, -1/89 HPs)
             Began as a Red Draconian Fire Elementalist on Sept 11, 2022.
             Was a Priest of Ru.
             Slain by a yak (6 damage)
             ... on level 9 of the Dungeon.
             The game lasted 01:14:03 (16607 turns).

DoubleLucky the Thaumaturge (DrFE)                 Turns: 16607, Time: 01:14:04

Health: -1/89      AC: 10    Str: 17    XL:     11   Next: 28%
Magic:  16/24      EV: 15    Int: 16    God:    Ru [***...]
Gold:   658        SH:  9    Dex: 20    Spells: 14/28 levels left

rFire   + . .      SeeInvis .   g - +3 dagger (drain)
rCold   . . .      Faith    .   B - +3 buckler
rNeg    . . .      Spirit   .   (body armour unavailable)
rPois   .          Reflect  .   (helmet restricted)
rElec   .          Harm     .   p - +1 cloak
rCorr   +          Rampage  .   x - +0 pair of gloves
Will    +....                   (no boots)
Stlth   ++........              (no amulet)
HPRegen 0.24/turn               r - ring of wizardry
MPRegen 0.19/turn               O - ring "Bupn" {Will+ rCorr Str+6 Dex+5}

@: mighty, unable to read
A: breathe fire, AC +7, unfitting armour, fire resistance 1, cold-blooded,
inability to read after injury 2, hated by all
a: Breathe Fire, Renounce Religion, Draw Out Power


You were on level 9 of the Dungeon.
You worshipped Ru.
Ru was most pleased with you.
You visited 2 branches of the dungeon, and saw 12 of its levels.
You also visited: Bailey.

You collected 658 gold pieces.

Inventory:

Hand Weapons
 b - a +0 club
 g - a +3 dagger of draining (weapon)
Missiles
 j - 26 poisoned darts
 v - 4 curare-tipped darts
Armour
 p - a +1 cloak (worn)
 x - a +0 pair of gloves (worn)
 B - a +3 buckler (worn)
Magical Staves
 F - a staff of air
Jewellery
 f - a ring of ice
 r - a ring of wizardry (left hand)
 w - a ring of positive energy
 z - a ring of flight
 H - a ring of see invisible
 L - the ring "Fugem" {rElec rPois rC- Will+ Dex+3 SInv}
   (You found it on level 9 of the Dungeon)

   [ring of willpower]

   Dex:       It affects your dexterity (+3).
   rC:        It makes you vulnerable to cold.
   rElec:     It insulates you from electricity.
   rPois:     It protects you from poison.
   SInv:      It lets you see invisible.
   Will:      It increases your willpower.
 O - the ring "Bupn" (right hand) {Will+ rCorr Str+6 Dex+5}
   (You found it on level 10 of the Dungeon)

   [ring of strength]

   Str:       It affects your strength (+6).
   Dex:       It affects your dexterity (+5).
   rCorr:     It protects you from acid and corrosion.
   Will:      It increases your willpower.
Wands
 E - a wand of flame (26)
 K - a wand of paralysis (5)
 N - a wand of light (5)
 P - a wand of roots (5)
Scrolls
 d - 4 scrolls of fear {unknown}
 h - 2 scrolls of poison
 k - 5 scrolls of blinking
 n - a scroll of amnesia {unknown}
 o - 2 scrolls of magic mapping
 u - 6 scrolls of vulnerability
 y - a scroll of immolation {unknown}
 C - 6 scrolls of enchant weapon
 D - a scroll of brand weapon {unknown}
 G - a scroll of teleportation {unknown}
Potions
 a - 4 potions of mutation {unknown}
 c - a potion of resistance {unknown}
 e - 5 potions of haste {unknown}
 i - a potion of might
 l - 8 potions of curing
 m - a potion of degeneration {unknown}
 q - a potion of heal wounds
 s - 5 potions of flight
 t - 3 potions of attraction {unknown}
 A - 2 potions of magic
 I - a potion of lignification {unknown}
 J - a potion of berserk rage {unknown}
 M - a potion of ambrosia {unknown}


   Skills:
 - Level 6.0 Fighting
 - Level 2.2 Short Blades
 - Level 6.0 Dodging
 - Level 1.7 Stealth
 - Level 6.0 Shields
 - Level 9.0 Spellcasting
 + Level 5.4 Conjurations
 - Level 4.0 Hexes
 - Level 7.0 Fire Magic
 - Level 6.1 Air Magic


You had 14 spell levels left.
You knew the following spells:

 Your Spells              Type           Power      Damage    Failure   Level
a - Foxfire               Conj/Fire      100%       2x1d9     1%          1
b - Scorch                Fire           58%        2d7       1%          2
c - Conjure Flame         Conj/Fire      27%        6-21      1%          3
d - Inner Flame           Hex/Fire       24%        N/A       1%          3
e - Lightning Bolt        Conj/Air       12%        1d26      13%         5

Your spell library contained the following spells:

 Spells                   Type           Power      Damage    Failure   Level
 Airstrike                Air            13%        2d(2-18)  4%          4
 Flame Wave               Conj/Fire      27%        2d9       4%          4
 Sticky Flame             Conj/Fire      27%        2d5       4%          4
 Ignite Poison            Fire/Tmut/Pois 14%        N/A       6%          3
 Fireball                 Conj/Fire      13%        3d7       12%         5
 Ozocubu's Armour         Ice            7%         N/A       16%         3
 Metabolic Englaciation   Hex/Ice        6%         N/A       50%         5
 Starburst                Conj/Fire      13%        6d6       50%         6
 Ignition                 Fire           14%        3d6       100%        8
 Summon Lightning Spire   Summ/Air       Unusable   N/A       N/A         4
 Simulacrum               Ice/Necr       Unusable   N/A       N/A         6

Dungeon Overview and Level Annotations

Branches:
Dungeon (11/15)            Temple (1/1) D:4            Lair (0/5) D:9
 Bailey (visited)
    Orc: D:9-12

Altars:
Ashenzari
Cheibriados
Dithmenos
Elyvilon
Gozag
Kikubaaqudgha
Makhleb
Nemelex Xobeh
Okawaru
Qazlal
Ru
Sif Muna
Trog
Uskayaw
Vehumet
Wu Jian
Xom
Zin
The Shining One

Shops:
D:8 [

Annotations:
D:6 2 runed translucent doors, exclusion: downstairs
D:7 4 exclusions, Joseph
D:8 exclusion: upstairs
D:10 exclusion: 2 downstairs


Innate Abilities, Weirdness & Mutations

You can breathe blasts of fire.
Your fiery red scales are hard. (AC +7)
You cannot fit into any form of body armour.
Your flesh is heat resistant. (rF+)
You are cold-blooded and may be slowed by cold attacks.
You sometimes lose the ability to read scrolls when taking damage.
You are hated by all.


Message History

Aiming: Inner Flame (safe; 1% risk of failure)
Press: ? - help, Dir - move target, f - yak
Aim: a yak (moderately wounded, ally target, chance to affect: 79%)
The yak is filled with an inner flame.
You have got your breath back.
The foxfire hits the yak.
The yak is lightly wounded.
The foxfire hits the yak.
The yak is moderately wounded.
You block the yak's attack. The yak gores you.
Casting: Inner Flame (safe; 1% risk of failure)
Confirm with . or Enter, or press ? or * to list all spells.
You conjure some foxfire!
The yak gores you.
You feel threatened and lose the ability to read scrolls!
* * * LOW HITPOINT WARNING * * *
You block the yak's attack.
Casting: Foxfire (safe; 1% risk of failure)
Confirm with . or Enter, or press ? or * to list all spells.
Aiming: Inner Flame (safe; 1% risk of failure)
Press: ? - help, Dir - move target, f - yak, p - yak
Aim: a yak (moderately wounded, ally target, chance to affect: 79%)
The yak is filled with an inner flame.
The foxfire hits the yak!
Flame seeps out of the yak.
The yak is heavily wounded.
The foxfire hits the yak but does no damage.
The yak is moderately wounded.
The yak is engulfed in blazing flames.
Flame seeps out of the yak.
The yak gores you!
* * * LOW HITPOINT WARNING * * *
The yak closely misses you. The yak attacks as you move away!
The yak gores you but does no damage. The yak attacks as you move away!
The yak gores you!
* * * LOW HITPOINT WARNING * * *
The yak is engulfed in blazing flames.
The yak explodes!
Casting: Inner Flame (safe; 1% risk of failure)
Confirm with . or Enter, or press ? or * to list all spells.
You conjure some foxfire!
The yak barely misses you. The yak attacks as you move away! The yak gores you.
You die...

### ###
############.#
..#
#..§.§...##..#
###
#..§.§...##..#
##.§.vY..##.##
#...v@..#..#
#.......#.##
##......#.#
##....#..#
#....#.##
#####[.# ###
#)## #_## ##.#
...#### #..#


You could see a yak (inner flame, ally target).

Vanquished Creatures
  A boulder beetle (D:10)
  A tengu warrior (D:11)
  A cyclops (D:11)
  An unseen horror (D:10)
  2 trolls
  2 slime creatures (D:11)
  A shadow (D:9)
  A wyvern (D:9)
  8 yaks
  2 wraiths (D:9)
  2 steam dragons
  A water moccasin (D:9)
  14 orc warriors
  2 sky beasts
  6 black bears
  An ogre (D:7)
  3 centaurs
  2 phantoms (D:4)
  5 bullfrogs
  A necrophage (D:4)
  3 scorpions
  12 wights
  12 killer bees
  A howler monkey (D:7)
  A hound (D:6)
  2 jellies
  4 orc priests
  2 gnoll boudas (D:8)
  4 iguanas
  2 orc wizards
  14 gnolls
  11 adders
  2 shadow imps
  A white imp (D:8)
  An ufetubus (D:6)
  A worm (D:3)
  5 dart slugs
  53 orcs
  10 endoplasms
  6 giant cockroaches
  7 goblins
  12 hobgoblins
  4 jackals
  8 quokkas
  5 ball pythons
  6 bats
  5 frilled lizards
  10 kobolds
  8 rats
269 creatures vanquished.

Vanquished Creatures (collateral kills)
  3 foxfires
3 creatures vanquished.

Vanquished Creatures (others)
  A water moccasin (D:7)
  717 foxfires
  58 fungi
  52 plants
828 creatures vanquished.

Grand Total: 1100 creatures vanquished

Notes
Turn   | Place    | Note
-------+----------+-------------------------------------------
     0 | D:1      | DoubleLucky the Draconian Fire Elementalist began the quest
                  | for the Orb.
     0 | D:1      | Reached XP level 1. HP: 14/14 MP: 3/3
   219 | D:1      | Reached XP level 2. HP: 15/20 MP: 3/5
   674 | D:1      | Found a faded altar of an unknown god.
   681 | D:1      | Reached XP level 3. HP: 26/26 MP: 2/6
  1994 | D:2      | Reached XP level 4. HP: 29/33 MP: 7/7
  2763 | D:2      | Learned a level 2 spell: Scorch
  2767 | D:2      | Learned a level 3 spell: Conjure Flame
  3011 | D:3      | Found a stormy altar of Qazlal.
  3105 | D:3      | Reached XP level 5. HP: 38/38 MP: 0/8
  3344 | D:3      | Reached skill level 5 in Fire Magic
  3513 | D:3      | You are sucked into a shaft and drop 3 floors!
  3747 | D:5      | Entered Level 5 of the Dungeon
  4151 | D:4      | Noticed a phantom
  4151 | D:4      | Found a staircase to the Ecumenical Temple.
  4156 | D:4      | Killed a phantom
  4157 | D:4      | Reached XP level 6. HP: 45/45 MP: 0/9
  4312 | Temple   | Entered the Ecumenical Temple
  4423 | Temple   | Became a worshipper of Ru the Awakened
  4756 | D:4      | Your scales start taking on a fiery red colour.
  4756 | D:4      | Reached XP level 7. HP: 50/50 MP: 2/10
  4756 | D:4      | Gained mutation: Your flesh is heat resistant. (rF+) [Red
                  | Draconian growth]
  4824 | D:4      | Found a glowing silver altar of Zin.
  4832 | D:4      | Reached skill level 5 in Shields
  5374 | D:3      | Learned a level 3 spell: Inner Flame
  5554 | D:4      | Found a bloodstained altar of Trog.
  5849 | D:4      | Found a burning altar of Makhleb.
  5955 | D:5      | Found an ancient bone altar of Kikubaaqudgha.
  6302 | D:5      | Reached skill level 1 in Hexes
  6602 | D:5      | Found a snail-covered altar of Cheibriados.
  7066 | D:6      | Gained mutation: You are hated by all. [Ru sacrifice]
  7066 | D:6      | Reached * piety under Ru
  7066 | D:6      | Reached ** piety under Ru
  7631 | D:6      | Reached skill level 3 in Spellcasting
  7631 | D:6      | Reached XP level 8. HP: 57/57 MP: 4/12
  7775 | D:6      | Found a runed translucent door.
  7784 | D:6      | Found a runed translucent door.
  8171 | D:7      | Reached skill level 4 in Spellcasting
  8312 | D:7      | Reached skill level 5 in Spellcasting
  8745 | D:7      | Reached skill level 6 in Spellcasting
  8946 | D:7      | Noticed Joseph
  9401 | D:8      | Reached XP level 9. HP: 62/62 MP: 0/18
  9984 | D:8      | Found Ifeaff's Armour Emporium.
 10810 | D:9      | Noticed a troll
 10816 | D:9      | Killed a troll
 11014 | D:9      | Found a flagged portal.
 11067 | Bailey   | Entered a bailey
 11086 | Bailey   | Gained mutation: You occasionally lose the ability to read
                  | scrolls when taking damage. [Ru sacrifice]
 11086 | Bailey   | Gained mutation: You sometimes lose the ability to read
                  | scrolls when taking damage. [Ru sacrifice]
 11086 | Bailey   | Reached *** piety under Ru
 11297 | Bailey   | Reached skill level 5 in Dodging
 11548 | Bailey   | Reached skill level 7 in Spellcasting
 11557 | Bailey   | Reached skill level 1 in Fighting
 11842 | Bailey   | Reached XP level 10. HP: 77/77 MP: 12/20
 12398 | D:9      | Reached skill level 5 in Fighting
 12601 | D:9      | Learned a level 5 spell: Lightning Bolt
 12629 | D:9      | Found a staircase to the Lair.
 12871 | D:9      | Identified the ring "Fugem" {rElec rPois rC- Will+ Dex+3
                  | SInv}
 13410 | D:9      | Found a faded altar of an unknown god.
 13410 | D:9      | Found a glowing golden altar of the Shining One.
 13418 | D:9      | Found a broken altar of Ashenzari.
 13420 | D:9      | Found a radiant altar of Vehumet.
 13422 | D:9      | Found an opulent altar of Gozag.
 13478 | D:9      | Reached skill level 1 in Short Blades
 13878 | D:9      | Found an iron altar of Okawaru.
 14027 | D:10     | Entered Level 10 of the Dungeon
 14305 | D:10     | Identified the ring "Bupn" {Will+ rCorr Str+6 Dex+5}
 14405 | D:10     | Reached skill level 5 in Air Magic
 14408 | D:10     | Reached skill level 8 in Spellcasting
 15168 | D:11     | Noticed a +0 hand axe
 15169 | D:11     | Noticed a +0 dagger
 15235 | D:11     | Noticed a cyclops
 15242 | D:11     | Killed a cyclops
 15243 | D:11     | Reached XP level 11. HP: 73/89 MP: 4/23
 15352 | D:11     | Found a hide-covered altar of Uskayaw.
 15387 | D:11     | Noticed a tengu warrior
 15396 | D:11     | Killed a tengu warrior
 15455 | D:11     | Noticed a six-headed hydra
 15895 | D:11     | Reached skill level 9 in Spellcasting
 16086 | D:11     | Noticed a boulder beetle
 16324 | D:10     | Killed a boulder beetle
 16325 | D:10     | Reached skill level 5 in Conjurations
 16605 | D:9      | HP: 4/89 [yak (7)]
 16607 | D:9      | Slain by a yak

Illustrated notes

Levels and vault maps discovered:
D:1:      tarquinn_simple_flora_water_a, layout_loops_ring,
          shapermc_ecumenical_altar_acropolis, chequers_serial_rivers_micro_a,
          minmay_pentomino_w4
D:2:      layout_basic, grunt_ministairs_13, mrwooster_statue_mirror
D:3:      wad_lake_hut, layout_basic, grunt_qazlal_sundering,
          nrook_loot_triangle, st_stairs_5
D:4:      layout_basic, mainiacjoe_overflow_catwalk, lemuel_tele_altar,
          mainiacjoe_overflow_alcove_1, minmay_temple_entry_large_hall,
          serial_bayou_pond_d
D:5:      layout_layer_cave, nicolae_kikubaaqudgha_miasma_corner,
          mainiacjoe_overflow_surrounded_room
D:6:      lemuel_insect_pit, layout_loops_cross,
          mainiacjoe_overflow_tiny_flanked
D:7:      layout_loops_ring, uniq_joseph, uniq_pikel
D:8:      layout_cave_pools, serial_shops, nicolae_shop_window_shopping
D:9:      layout_cave_pods, chequers_temple_overflow_minitemple,
          mainiacjoe_overflow_alcove_4, due_lair_maze_entry_diamond,
          enter_bailey_4, st_stairs_13
D:10:     layout_basic
D:11:     layout_basic, portal_ice_cave_entry_animals_and_master,
          dancing_weapons_uskayaw
Temple:   compressed_dpeg_circular_temple

Skill      XL: |  1  2  3  4  5  6  7  8  9 10 11 |
---------------+----------------------------------+-----
Conjurations   | 2 3 5 |  5.4
Fire Magic     | 4 5 7 |  7.0
Shields        | 2 4 6 |  6.0
Hexes          | 2 4 |  4.0
Spellcasting   | 3 6 7 8 9 |  9.0
Air Magic      | 3 6 |  6.1
Dodging        | 6 |  6.0
Fighting       | 3 6 |  6.0
Short Blades   | 2 |  2.2
Stealth        | |  1.7

Action                   |  1- 3 |  4- 6 |  7- 9 | 10-12 || total
-------------------------+-------+-------+-------+-------++-------
Melee: Club              |    17 |       |       |       ||    17
       Tailslap          |     4 |     3 |     6 |     6 ||    19
       Dagger            |    11 |    36 |    35 |    29 ||   111
 Cast: Foxfire           |    76 |    77 |   183 |   110 ||   446
       Scorch            |       |    18 |    41 |    27 ||    86
       Inner Flame       |       |       |    53 |    50 ||   103
Invok: Sacrifice Love    |       |       |     1 |       ||     1
       Sacrifice Words   |       |       |     1 |       ||     1
       Reject Sacrifices |       |       |       |     1 ||     1
 Abil: Breathe Fire      |       |       |     9 |     2 ||    11
  Use: Scroll            |       |       |    13 |     2 ||    15
       Potion            |       |       |     2 |     2 ||     4
Armor: Skin              |    11 |    13 |    18 |    18 ||    60
Dodge: Dodged            |    20 |    26 |    26 |    32 ||   104
Block: Buckler           |       |       |    22 |    34 ||    56
